 Dungeon Crawl Stone Soup version 0.18-a0-943-g2c08dd4 (webtiles) character file.

786 filipzpl the Stinger (level 7, -1/63 HPs)
             Began as a Naga Transmuter on Dec 28, 2015.
             Succumbed to poison (a potion of poison)
             ... on level 5 of the Dungeon.
             The game lasted 00:16:14 (6843 turns).

filipzpl the Stinger (Naga Transmuter)              Turns: 6843, Time: 00:16:14

Health: -1/63      AC: -2    Str: 13    XL:     7   Next: 86%
Magic:  7/10       EV: 19    Int: 15    God:
Gold:   204        SH:  0    Dex: 16    Spells: 3 memorised, 1 level left

rFire  . . .     SeeInvis +       - Unarmed
rCold  . . .     Gourm    .     (armour currently unavailable)
rNeg   . . .     Faith    .     (shield currently unavailable)
rPois  x         Spirit   .     (helmet currently unavailable)
rElec  .         Dismiss  +     (cloak currently unavailable)
rCorr  .         Reflect  .     (gloves currently unavailable)
SustAt .         Harm     .     (no barding)
MR     .....                    r - amulet of dismissal
Stlth  +.........               (no ring)
                                (no ring)

@: lethally poisoned (-1 -> -50), spider-form, corroded equipment, not resistant
to hostile enchantments, very unstealthy
A: see invisible, (deformed body), (poison resistance), (slowness 0), slow
metabolism 1, spit poison 2, AC +2
a: Spit Poison, End Transformation


You were on level 5 of the Dungeon.
You were near starving.
You were a venomous arachnid creature.
You visited 1 branch of the dungeon, and saw 5 of its levels.

You collected 204 gold pieces.

Inventory:

Missiles
 a - 107 arrows
Armour
 b - a +1 robe (melded)
Jewellery
 r - an amulet of dismissal (around neck)
Scrolls
 e - a scroll of identify
 h - a scroll of fear
 j - a scroll of enchant armour
 n - a scroll of teleportation
Potions
 g - a potion of haste {unknown}
 i - a potion of ambrosia {unknown}
 l - a potion of lignification {unknown}
 m - 3 potions of curing {unknown}
 p - 4 potions of brilliance {unknown}
 s - 2 potions of heal wounds {unknown}
 u - 3 potions of degeneration {unknown}
 z - a potion of cancellation {unknown}
Books
 c - a book of Changes

   Spells                             Type                      Level
   a - Beastly Appendage              Transmutation                1
   b - Sticks to Snakes               Transmutation                2
   c - Spider Form                    Transmutation/Poison         3
   d - Ice Form                       Ice/Transmutation            4
   e - Blade Hands                    Transmutation                5
Comestibles
 d - 5 bread rations
 f - 4 meat rations
 k - a fruit
 o - 2 slices of pizza


   Skills:
 - Level 3.7 Fighting
 - Level 1.5 Dodging
 - Level 4.7 Unarmed Combat
 - Level 2.0 Spellcasting
 * Level 5.3 Transmutations
 + Level 5.4 Poison Magic


You had one spell level left.
You knew the following spells:

 Your Spells              Type           Power        Failure   Level  Hunger
a - Beastly Appendage     Trmt           ###...       10%         1    #......
b - Spider Form           Trmt/Pois      ###.......   24%         3    ###....
c - Blade Hands           Trmt           ###.......   91%         5    ######.


Dungeon Overview and Level Annotations

Branches:
Dungeon (5/15)
 Temple: D:4-7

Altars:
Pakellas
The Shining One

Annotations:
D:5 Eustachio


Innate Abilities, Weirdness & Mutations

You cannot wear boots.
((Your serpentine skin is tough (AC +2).))
You have supernaturally acute eyesight.
((Armour fits poorly on your strangely shaped body.))
((Your system is resistant to poisons.))
((You cover ground very slowly.))
You have a slow metabolism.
You can spit poison.


Message History

The scorpion is almost dead.
You feel sick.
You kill the scorpion!
You feel sick.
You feel sick.
You feel sick. The jelly closely misses you.
You bite the jelly! The acid corrodes you!
Your front legs burn!
The jelly is moderately wounded.
You feel sick. The jelly closely misses you.
You bite the jelly!
The jelly is poisoned.
Your front legs burn!
* * * LOW HITPOINT WARNING * * *
The jelly is severely wounded.
You feel sick. The jelly hits you.
* * * LOW HITPOINT WARNING * * *
You are splashed with acid!
The acid burns!
* * * LOW HITPOINT WARNING * * *
Drink which item? (? for menu, Esc to quit)
It was a potion of poison.
That liquid tasted very nasty...
You are more poisoned.
You die...

#.# #.....<.##......
###.# ##.....#####.###
#...# #.....# #.# #.###
###.### #.# #.#
#####.## #)###
#.#####......# #.#.#
#.#..........# #..#.
#.#.###.####.# ###.#
#.....sJ.....# #.#
###.###.##...########.#
#†# #.##.#...........
#.###......#######.##
#........>## #...
########=..# ###...
#...# #..... #...#
#.#..# #...#####.#...


You could see a jelly.

Vanquished Creatures
  Edmund (D:5)
  2 ogres
  2 scorpions (D:5)
  A hound (D:4)
  An orc wizard (D:4)
  2 worker ants (D:4)
  An iguana (D:5)
  A killer bee zombie (D:5)
  4 gnolls (D:3)
  8 adders
  4 oozes
  An adder skeleton (D:4)
  4 worms
  4 giant geckos
  8 orcs
  2 ball pythons
  12 bats
  4 giant cockroaches
  8 goblins
  4 hobgoblins
  7 jackals
  10 kobolds
  A giant gecko skeleton (D:5)
  10 giant newts
  2 quokkas
  A quokka skeleton (D:4)
  8 rats
113 creatures vanquished.

Vanquished Creatures (others)
  A crocodile (D:4)
1 creature vanquished.

Grand Total: 114 creatures vanquished

Notes
Turn   | Place    | Note
--------------------------------------------------------------
     0 | D:1      | filipzpl the Naga Transmuter began the quest for the Orb.
     0 | D:1      | Reached XP level 1. HP: 18/18 MP: 3/3
   244 | D:1      | Reached XP level 2. HP: 19/25 MP: 5/5
   710 | D:1      | Reached XP level 3. HP: 30/32 MP: 6/6
   715 | D:1      | Learned a level 3 spell: Spider Form
  1212 | D:1      | Reached skill level 1 in Poison Magic
  1722 | D:2      | Found a glowing golden altar of the Shining One.
  1746 | D:2      | You fall through a shaft for 2 floors!
  1856 | D:4      | Reached XP level 4. HP: 32/39 MP: 3/7
  2093 | D:4      | Noticed an ogre
  2098 | D:4      | Killed an ogre
  2098 | D:4      | Reached XP level 5. HP: 48/48 MP: 4/8
  2710 | D:2      | Reached skill level 4 in Poison Magic
  2710 | D:2      | Reached XP level 6. HP: 35/55 MP: 9/9
  4563 | D:4      | Found an oddly glowing altar of Pakellas.
  4563 | D:4      | Noticed an orange crystal statue
  5404 | D:5      | Entered Level 5 of the Dungeon
  5411 | D:5      | Learned a level 5 spell: Blade Hands
  5423 | D:5      | Reached XP level 7. HP: 55/63 MP: 10/10
  6326 | D:5      | Noticed Eustachio
  6385 | D:5      | Noticed Edmund
  6409 | D:5      | Killed Edmund
  6409 | D:5      | Reached skill level 5 in Transmutations
  6409 | D:5      | Reached skill level 5 in Poison Magic
  6842 | D:5      | HP: 3/63 [acid (10)]
  6843 | D:5      | Succumbed to poison (a potion of poison)

Vault maps used:
D:1:      evilmike_arrival_run_for_it, st_stairs_12
D:2:      nicolae_tso_swordbearing_angel
D:3:      first_bread, st_stairs_1, minmay_bad_closet
D:4:      forest_paths, gammafunk_pakellas_statue_experiment
D:5:      serial_shops, nicolae_shop_crystal, uniq_menkaure, uniq_edmund,
          uniq_eustachio

Action                   |  1- 3 |  4- 6 |  7- 9 || total
-------------------------+-------+-------+-------++-------
Melee: Unarmed           |   136 |   276 |    81 ||   493
 Cast: Spider Form       |     3 |    12 |     6 ||    21
  Use: Scroll            |       |     1 |     9 ||    10
       Potion            |       |       |     1 ||     1
 Stab: Sleeping          |       |     1 |     2 ||     3
  Eat: Fruit             |     1 |     1 |     3 ||     5
       Chunk             |       |    11 |     1 ||    12
